 Dungeon Crawl Stone Soup version 0.30-a0-364-gf6b3ef1049 (webtiles) character file.

Game seed: 9402587751176189124

263 purpskrrrp the Shooter (level 6, -2/52 HPs)
             Began as a Kobold Hunter on Nov 14, 2022.
             Slain by Jessica
             ... wielding a +0 dagger
              (5 damage)
             ... on level 3 of the Dungeon.
             The game lasted 00:03:32 (1913 turns).

purpskrrrp the Shooter (Kobold Hunter)              Turns: 1913, Time: 00:03:33

Health: -2/52      AC: 23    Str:  9    XL:     6   Next: 43%
Magic:  6/6        EV:  3    Int: 10    God:
Gold:   151        SH:  0    Dex: 20    Spells: 5/5 levels left

rFire   . . .      SeeInvis .    a - +0 shortbow
rCold   . . .      Faith    .    (shield currently unavailable)
rNeg    . . .      Spirit   .    (body armour currently unavailable)
rPois   +          Reflect  .    (helmet currently unavailable)
rElec   .          Harm     .    (cloak currently unavailable)
rCorr   +          Rampage  .    (gloves currently unavailable)
Will    .....      NoTele   +    (boots currently unavailable)
Stlth   ++++......               (no amulet)
HPRegen 0.28/turn                f - +4 ring of evasion
MPRegen 0.10/turn                k - ring of resist corrosion

@: tree-form, slowed, very slow
A: stationary, stasis, torment immunity, boosted hp, small, no large weapons,
nightstalker 3
a: no special abilities


You were on level 3 of the Dungeon.
You were a tree.
You visited 1 branch of the dungeon, and saw 3 of its levels.

You collected 151 gold pieces.

Inventory:

Hand Weapons
 a - a +0 shortbow (weapon)
Armour
 c - a +1 leather armour (melded)
Jewellery
 f - a +4 ring of evasion (left branch)
 k - a ring of resist corrosion (right branch)
 o - a ring of magical power
Scrolls
 b - 2 scrolls of immolation
 i - a scroll of summoning
 n - 2 scrolls of noise
Potions
 d - 4 potions of lignification
 e - a potion of brilliance {unknown}
 g - 3 potions of haste
 j - 2 potions of heal wounds {unknown}
 l - a potion of degeneration {unknown}


   Skills:
 - Level 2.1 Fighting
 * Level 7.7 Ranged Weapons
 + Level 4.2 Dodging
 + Level 4.4 Stealth


You had 5 spell levels left.
You didn't know any spells.
Your spell library contained the following spells:

 Spells                   Type           Power      Damage    Failure   Level
 Sublimation of Blood     Necr           0%         N/A       50%         2
 Wereblood                Tmut           0%         N/A       50%         2
 Summon Hydra             Summ           0%         N/A       100%        7


Dungeon Overview and Level Annotations

Branches:
Dungeon (3/15)

Altars:

Annotations:
D:3 Jessica


Innate Abilities, Weirdness & Mutations

You are a tree.
Your roots penetrate the ground, keeping you stationary.
You cannot be teleported.
You are immune to unholy pain and torment.
Your maximum health is greatly increased.
Your equipment is partially melded.
You are small and have problems with some larger weapons.
You are completely attuned to the shadows.


Message History

You are too injured to fight recklessly!
You are too injured to fight recklessly!
You are too injured to fight recklessly!
You are too injured to fight recklessly!
You are too injured to fight recklessly!
You are too injured to fight recklessly!
You are too injured to fight recklessly!
You are too injured to fight recklessly!
You are too injured to fight recklessly!
You are too injured to fight recklessly!
You are too injured to fight recklessly!
You are too injured to fight recklessly!
You are too injured to fight recklessly!
You are too injured to fight recklessly!
You are too injured to fight recklessly!
You are too injured to fight recklessly!
You are too injured to fight recklessly!
You are too injured to fight recklessly!
You are too injured to fight recklessly!
You are too injured to fight recklessly!
You are too injured to fight recklessly!
You are too injured to fight recklessly!
You are too injured to fight recklessly!
You are too injured to fight recklessly!
You are too injured to fight recklessly!
You are too injured to fight recklessly!
You are too injured to fight recklessly!
You are too injured to fight recklessly!
As you read the scroll of summoning, it crumbles to dust.
Wisps of shadow whirl around you... Jessica hits you with a +0 dagger.
* * * LOW HITPOINT WARNING * * *
Really quaff the potion of lignification?
You turn into a tree.
Your +1 leather armour melds into your body.
Your roots penetrate the ground.
The orc priest invokes the aid of Beogh against you.
Beogh smites you!
* * * LOW HITPOINT WARNING * * *
Jessica hits you with a +0 dagger.
You die...

##### ##...####
###......K##
#######......♣...####
#.......#..##@##....#
###.#...#...##gor##...#
#.†......>).#...).#...#
##.#.........#!....#...#
...#.........# #...#
#..#.........## ##..##
#..####.####..#####..##
...###### ##.......##


You could see an orc priest, Jessica (ally target), a quokka, a friendly
hobgoblin (summoned) and a friendly kobold (summoned, wandering).

Vanquished Creatures
  Grinder (D:3)
  2 adders (D:2)
  2 dart slugs (D:2)
  2 orcs (D:3)
  5 ball pythons
  4 endoplasms
  3 goblins
  6 hobgoblins
  3 jackals (D:1)
  3 quokkas
  8 bats
  2 frilled lizards (D:1)
  6 kobolds
  6 rats
53 creatures vanquished.

Notes
Turn   | Place    | Note
-------+----------+-------------------------------------------
     0 | D:1      | purpskrrrp the Kobold Hunter began the quest for the Orb.
     0 | D:1      | Reached XP level 1. HP: 12/12 MP: 1/1
   166 | D:1      | Reached XP level 2. HP: 12/17 MP: 2/2
   382 | D:1      | Reached XP level 3. HP: 21/21 MP: 3/3
   477 | D:1      | You fall into a shaft and drop 1 floor!
   480 | D:2      | Reached skill level 6 in Ranged Weapons
   581 | D:2      | Reached XP level 4. HP: 12/26 MP: 4/4
   978 | D:2      | Found a faded altar of an unknown god.
  1757 | D:3      | Noticed Grinder
  1774 | D:3      | Killed Grinder
  1775 | D:3      | Reached skill level 7 in Ranged Weapons
  1775 | D:3      | Reached XP level 5. HP: 17/30 MP: 5/5
  1775 | D:3      | Reached XP level 6. HP: 20/35 MP: 6/6
  1907 | D:3      | Noticed Jessica
  1913 | D:3      | Slain by Jessica

Illustrated notes

Levels and vault maps discovered:
D:1:      dpeg_arrival_radiant, layout_loops_ring
D:2:      layout_rooms, nicolae_ecumenical_oubliette
D:3:      layout_loops_cross, st_stairs_14, kennysheep_jessica_study,
          uniq_grinder, uniq_terence

Skill      XL: |  1  2  3  4 |
---------------+-------------+-----
Stealth        | 2 4 |  4.4
Ranged Weapons | 6 7 |  7.7
Dodging        | 3 4 |  4.2
Fighting       | |  2.1

Action                   |  1- 3 |  4- 6 || total
-------------------------+-------+-------++-------
 Fire: Shortbow          |    49 |    62 ||   111
  Use: Scroll            |       |     9 ||     9
       Potion            |       |     1 ||     1
Armor: Leather armour    |     1 |     3 ||     4
Dodge: Dodged            |    14 |    10 ||    24

Table legend: (Time is in decaauts)
 A = Elapsed time spent in this place.
 B = Non-inter-level travel time spent in this place.
 C = Inter-level travel time spent in this place.
 D = Time resting spent in this place.
 E = Time spent auto-exploring this place.
 F = Levels seen in this place.
 G = Mean time per level.
                   A        B        C        D        E       F      G
               +--------+--------+--------+--------+--------+-----+--------+
         Total |   1942 |   1804 |    138 |    159 |   1384 |   3 |  647.3 |
       Dungeon |   1942 |   1804 |    138 |    159 |   1384 |   3 |  647.3 |
               +--------+--------+--------+--------+--------+-----+--------+

Top non-repeatable levels by time:
     D:1: 1010 daAuts
     D:2: 643 daAuts
     D:3: 288 daAuts
